General information
- name: BNet
- type: Ladder 1vs1/FFA
- host: Battle.net
- saver: 7.38
map: TwistedMeadows
- players: 2
- length: 27:46
- speed: Fast
- version: 1.26 W3XP
- replay type: Public
» download(75 KB)
Players
team 1 (loser)
morktheorc3 (
teal | 35 APM | 962 actions | 27:42)
5 Crypt Lord
3 Carrion Beetles
2 Impale
» actions
| Assign group hotkey | 45 | |
| Basic commands | 113 | |
| Build / train | 87 | |
| ESC pressed | 5 | |
| Enter build submenu | 20 | |
| Enter hero's abilities submenu | 5 | |
| Give item / drop item | 5 | |
| Right click | 9 | |
| Select / deselect | 243 | |
| Select group hotkey | 364 | |
| Use ability | 66 | |
962 total
» units
| Acolyte | 16 | |
| Ghoul | 6 | |
| Gargoyle | 16 | |
| Frost Wyrm | 13 | |
51 total
» upgrades
| Creature Carapace | 3 | |
| Creature Attack | 4 | |
| Freezing Breath | 1 | |
8 total
» buildings
| Crypt | 1 | |
| Ziggurat | 9 | |
| Graveyard | 1 | |
| Altar of Darkness | 1 | |
| Tomb of Relics | 1 | |
| Nerubian Tower | 3 | |
| Halls of the Dead | 1 | |
| Spirit Tower | 5 | |
| Sacrificial Pit | 1 | |
| Black Citadel | 1 | |
| Boneyard | 4 | |
| Slaughterhouse | 1 | |
29 total
» build order
00:13 Crypt
00:18 Ziggurat
01:00 Graveyard
01:07 Altar of Darkness
01:21 Ziggurat
02:04 Tomb of Relics
02:56 Nerubian Tower
02:57 Nerubian Tower
03:18 Nerubian Tower
04:01 Halls of the Dead
05:34 Ziggurat
05:51 Ziggurat
06:00 Ziggurat
06:47 Ziggurat
06:49 Spirit Tower
06:58 Spirit Tower
07:09 Sacrificial Pit
07:40 Spirit Tower
07:57 Black Citadel
08:23 Spirit Tower
10:29 Boneyard
10:36 Boneyard
10:40 Boneyard
10:45 Boneyard
11:40 Ziggurat
11:49 Ziggurat
16:44 Ziggurat
18:42 Slaughterhouse
23:45 Spirit Tower
» items
| Sacrificial Skull | 1 | |
| Dust of Appearance | 1 | |
| Rod of Necromancy | 1 | |
| Potion of Healing | 4 | |
| Potion of Mana | 1 | |
| Orb of Corruption | 1 | |
| Potion of Lesser Invulnerability | 1 | |
| Scroll of Town Portal | 2 | |
12 total
team 2 (winner)
7.38 (
purple | 65 APM | 1797 actions | 27:46)
6 Archmage
2 Blizzard
3 Brilliance Aura
1 Mass Teleport
5 Blood Mage
3 Flame Strike
2 Siphon Mana
3 Paladin
2 Holy Light
1 Divine Shield
» actions
| Assign group hotkey | 74 | |
| Basic commands | 44 | |
| Build / train | 118 | |
| ESC pressed | 3 | |
| Enter build submenu | 41 | |
| Enter hero's abilities submenu | 14 | |
| Give item / drop item | 7 | |
| Right click | 565 | |
| Select / deselect | 413 | |
| Select group hotkey | 257 | |
| Use ability | 261 | |
1797 total
» units
| Peasant | 22 | |
| Goblin Shredder | 2 | |
| Goblin Zeppelin | 1 | |
| Dragonhawk Rider | 9 | |
| Sorceress | 2 | |
36 total
» upgrades
| Masonry | 2 | |
| Armor | 2 | |
| Magic Sentry | 1 | |
| Priest Training | 1 | |
| Sorceress Training | 2 | |
| Storm Hammers | 1 | |
| Cloud | 1 | |
| Animal War Training | 1 | |
11 total
» buildings
| Altar of Kings | 1 | |
| Farm | 15 | |
| Arcane Vault | 2 | |
| Lumber Mill | 1 | |
| Scout Tower | 29 | |
| Arcane Tower | 2 | |
| Town Hall | 1 | |
| Guard Tower | 14 | |
| Keep | 2 | |
| Blacksmith | 2 | |
| Gryphon Aviary | 3 | |
| Arcane Sanctum | 1 | |
| Barracks | 1 | |
| Castle | 1 | |
75 total
» build order
00:06 Altar of Kings
00:19 Farm
00:20 Farm
00:56 Arcane Vault
01:23 Lumber Mill
01:32 Scout Tower
02:04 Arcane Tower
03:50 Farm
03:59 Scout Tower
03:59 Scout Tower
04:00 Scout Tower
04:39 Town Hall
04:44 Scout Tower
04:46 Scout Tower
04:47 Scout Tower
04:48 Scout Tower
04:50 Scout Tower
04:51 Scout Tower
04:55 Scout Tower
05:00 Guard Tower
05:05 Scout Tower
05:05 Scout Tower
05:07 Scout Tower
05:07 Scout Tower
05:23 Guard Tower
05:36 Guard Tower
06:27 Arcane Tower
07:02 Guard Tower
07:05 Guard Tower
07:09 Guard Tower
07:20 Guard Tower
07:23 Guard Tower
07:56 Keep
07:58 Keep
08:40 Farm
09:03 Blacksmith
09:06 Scout Tower
09:07 Scout Tower
09:38 Arcane Vault
10:22 Blacksmith
10:25 Gryphon Aviary
10:26 Gryphon Aviary
10:28 Gryphon Aviary
10:31 Farm
10:34 Guard Tower
10:45 Guard Tower
11:15 Arcane Sanctum
14:49 Barracks
14:52 Farm
14:54 Farm
14:59 Farm
14:59 Farm
15:03 Farm
15:03 Farm
15:04 Farm
15:04 Farm
15:06 Farm
15:06 Farm
15:44 Castle
19:39 Scout Tower
20:30 Scout Tower
20:31 Scout Tower
20:33 Scout Tower
21:27 Scout Tower
21:28 Scout Tower
21:29 Scout Tower
21:29 Scout Tower
21:31 Scout Tower
21:31 Scout Tower
22:10 Scout Tower
22:11 Scout Tower
22:12 Guard Tower
23:23 Guard Tower
23:32 Guard Tower
24:31 Guard Tower
» items
| Mechanical Critter | 2 | |
| Lesser Clarity Potion | 4 | |
| Scroll of Regeneration | 9 | |
| Staff of Teleportation | 2 | |
| Potion of Healing | 6 | |
| Scroll of Town Portal | 5 | |
| Potion of Mana | 2 | |
| Periapt of Vitality | 1 | |
| Boots of Speed | 2 | |
| Staff of Sanctuary | 1 | |
| Orb of Fire | 1 | |
35 total
Chat log
(20:37 / All) morktheorc3: are you so selifsh thtat you hve to tower hug like that cunt
(20:39 / All) morktheorc3: fucking jew
(20:46 / All) morktheorc3: see you at the death camp cunt
(20:49 / All) 7.38: thanks i like your towers too
(20:55 / All) morktheorc3: take all the skill out of it fuckhole
(20:59 / All) morktheorc3: asshole
(21:04 / All) morktheorc3: i dont use a mapahck cunt
(21:08 / All) morktheorc3: take that jew
(21:10 / All) morktheorc3: fuck you
(21:15 / All) morktheorc3: jsut selifsh
(21:16 / All) morktheorc3: cunt
(21:19 / All) 7.38: lol
(21:22 / All) 7.38: are you ragequitting
(21:24 / All) morktheorc3: lol,
(21:25 / All) morktheorc3: idiot
(21:27 / All) morktheorc3: try and logon
(21:34 / All) 7.38: lol hack threads
(21:36 / All) 7.38: threats
(21:37 / All) morktheorc3: you u gssing up cunt
(25:47 / All) morktheorc3: UH IDIOT
(25:50 / All) 7.38: LOL
(25:51 / All) morktheorc3: NO ONE IS THAT FAST
(25:53 / All) morktheorc3: BANED 4 LIFE
(25:54 / All) morktheorc3: CUNT
(25:55 / All) morktheorc3: LOL
(25:57 / All) 7.38: i love you too
(26:06 / All) morktheorc3: YOU U THIKNK YOUR FOOLING ANYONE YOU DUMB FUCKIGN SHIT
(26:10 / All) 7.38: is funny because youve played so many more games than i have
(26:11 / All) morktheorc3: I CAN SMELLL YOU FROM EHRE ASSHOLE
(26:27 / All) 7.38: youre just bad
(26:39 / All) morktheorc3: CANT EVEN CHEAT RIGHT CUNT
(26:43 / All) 7.38: LOL
(26:54 / All) morktheorc3: ID THAT ALL U CAN DO LOL GIGGLE GOOF
(27:04 / All) morktheorc3: FUCK YOU PLAY A COMPUTER SHHOLE
(27:06 / All) morktheorc3: FUKCING IDIOT
(27:07 / All) 7.38: but you make me laugh :)
(27:08 / All) morktheorc3: RETARD
(27:29 / All) morktheorc3: YOU GONNA LAUGH WHEN I FEED YOU KIKE MOTHERS FACE TO U WITH OUT TEETH CUNT?
(27:31 / All) morktheorc3: THAT FUNNY
(27:33 / All) morktheorc3: ????????????
(27:38 / All) 7.38: yes actually :)
(27:39 / All) morktheorc3: YOU WILL LEARN YOUR PLACE CUNT